 Dungeon Crawl Stone Soup version 0.29.1-2-gbd0b4ee654 (webtiles) character file.

Game seed: 17502088208072240693

19853 warriortoast the Unseen (level 12, -17/62 HPs)
             Began as a Spriggan Enchanter on Nov 21, 2022.
             Was an Elder of Fedhas.
             Hit by a silver javelin thrown by a minotaur (35 damage)
             ... in a Gauntlet.
             The game lasted 00:52:34 (18654 turns).

warriortoast the Unseen (Spriggan Enchanter)       Turns: 18654, Time: 00:52:35

Health: -17/62     AC:  5    Str:  6    XL:     12   Next: 40%
Magic:  25/25      EV: 26    Int: 14    God:    Fedhas [****..]
Gold:   137        SH:  5    Dex: 18    Spells: 16/27 levels left

rFire   + . .      SeeInvis +   e - +1 shortbow (vorpal)
rCold   . . .      Faith    .   (shield currently unavailable)
rNeg    + . .      Spirit   .   M - +1 robe "Bahelast" {rN+}
rPois   +          Reflect  +   I - +1 hat
rElec   +          Harm     .   h - +0 cloak
rCorr   .          Rampage  .   (gloves unavailable)
Will    ++...      NoTele   +   (boots unavailable)
Stlth   ++++++....              m - amulet of reflection
HPRegen 0.20/turn               C - +4 ring of evasion
MPRegen 0.19/turn               P - ring "Osoplych" {rElec rPois rF+ Int-3 Slay+4}

@: very quick
A: very small, no large weapons, unfitting armour, see invisible, speed 3
a: Renounce Religion, Wall of Briars, Grow Ballistomycete, Overgrow


You were in a Gauntlet.
You worshipped Fedhas.
Fedhas was greatly pleased with you.
You visited 2 branches of the dungeon, and saw 14 of its levels.
You visited 1 bazaar.
You also visited: Sewer and Gauntlet.

You collected 695 gold pieces.
You spent 558 gold pieces at shops.

Inventory:

Hand Weapons
 a - a +2 dagger
 e - a +1 vorpal shortbow (weapon)
 s - the +8 rapier "Hipup" {flame, Fly rF+ Dex+3}
   (You found it on level 3 of the Dungeon)

   It burns those it strikes, dealing additional fire damage.
   Dex:       It affects your dexterity (+3).
   rF:        It protects you from fire.
   Fly:       It grants you flight.
 J - a +0 arbalest
 N - the +9 hand axe of Slow Death {holy, rF- Int+10}
   (You found it on level 1 of the Lair of Beasts)

   It has been blessed by the Shining One to cause great damage to the undead
   and demons.
   Int:       It affects your intelligence (+10).
   rF:        It makes you vulnerable to fire.
Armour
 b - a +0 robe
 h - a +0 cloak (worn)
 x - an orb of wrath
 I - a +1 hat (worn)
 M - the +1 robe "Bahelast" (worn) {rN+}
   (You found it on level 11 of the Dungeon)

   rN:        It protects you from negative energy.
Jewellery
 j - an amulet of regeneration
 l - a ring of positive energy
 m - an amulet of reflection (around neck)
 o - a +6 ring of dexterity
 C - a +4 ring of evasion (left hand)
 P - the ring "Osoplych" (right hand) {rElec rPois rF+ Int-3 Slay+4}
   (You found it in a Gauntlet)

   [ring of slaying]

   Int:       It affects your intelligence (-3).
   Slay:      It affects your accuracy & damage with ranged weapons and melee
   (+4).
   rF:        It protects you from fire.
   rElec:     It insulates you from electricity.
   rPois:     It protects you from poison.
Wands
 G - a wand of mindburst (13)
 H - a wand of roots (20)
Scrolls
 i - 2 scrolls of noise
 p - a scroll of enchant armour
 q - 3 scrolls of fear
 y - 9 scrolls of teleportation
 z - a scroll of amnesia
 B - 2 scrolls of vulnerability
 D - 2 scrolls of blinking
 E - 8 scrolls of identify
 F - a scroll of enchant weapon
Potions
 c - 5 potions of invisibility
 d - 2 potions of flight
 f - 3 potions of mutation
 g - a potion of curing
 k - 2 potions of ambrosia
 n - 3 potions of haste
 r - 3 potions of brilliance
 t - 4 potions of might
 u - 3 potions of lignification
 v - a potion of attraction
 w - 3 potions of berserk rage
 A - 3 potions of degeneration
 L - 2 potions of cancellation
 O - a potion of resistance
Miscellaneous
 K - a lightning rod (4/4)


   Skills:
 + Level 6.9 Fighting
 + Level 10.5 Short Blades
 + Level 2.6 Ranged Weapons
 - Level 8.0 Dodging
 - Level 15.0 Stealth
 + Level 8.0 Spellcasting
 + Level 8.0 Hexes
 + Level 8.4 Invocations
 + Level 0.5 Evocations


You had 16 spell levels left.
You knew the following spells:

 Your Spells              Type           Power      Damage    Failure   Level
a - Ensorcelled Hibernat  Hex/Ice        32%        N/A       3%          2
b - Confusing Touch       Hex            28%        N/A       1%          3
c - Tukima's Dance        Hex            28%        N/A       1%          3
d - Dazzling Flash        Conj/Hex       32%        N/A       8%          3

Your spell library contained the following spells:

 Spells                   Type           Power      Damage    Failure   Level
 Inner Flame              Hex/Fire       16%        N/A       8%          3
 Summon Guardian Golem    Hex/Summ       16%        N/A       8%          3
 Beastly Appendage        Tmut           10%        N/A       13%         1
 Foxfire                  Conj/Fire      20%        2x1d5     13%         1
 Summon Small Mammal      Summ           20%        N/A       13%         1
 Static Discharge         Conj/Air       5%         3-4/arc   19%         2
 Wereblood                Tmut           5%         N/A       19%         2
 Call Canine Familiar     Summ           5%         N/A       36%         3
 Conjure Flame            Conj/Fire      5%         6-21      36%         3
 Spider Form              Tmut/Pois      5%         N/A       36%         3
 Airstrike                Air            2%         2d(1-17)  77%         4
 Animate Dead             Necr           5%         N/A       77%         4
 Dispel Undead            Necr           5%         3d7       77%         4
 Flame Wave               Conj/Fire      5%         2d5       77%         4
 Sticky Flame             Conj/Fire      5%         2d3       77%         4
 Summon Lightning Spire   Summ/Air       5%         N/A       77%         4
 Iskenderun's Battlesphe  Conj           5%         2d6       98%         5
 Lightning Bolt           Conj/Air       2%         1d14      98%         5
 Dispersal                Tloc           2%         N/A       100%        6
 Iron Shot                Conj/Erth      2%         9d2       100%        6
 Haunt                    Necr/Summ      2%         N/A       100%        7
 Spellforged Servitor     Conj/Summ      2%         N/A       100%        7
 Disjunction              Tloc           2%         N/A       100%        8
 Infestation              Necr           2%         N/A       100%        8
 Maxwell's Capacitive Co  Air            2%         ∞         100%        8


Dungeon Overview and Level Annotations

Branches:
Dungeon (12/15)            Temple (0/1) D:7            Lair (2/5) D:8
    Orc (0/2) D:9           Sewer (visited)         Gauntlet (1/1)
  Swamp: Lair:2-3    Shoals: Lair:2-3     Snake: Lair:2-3    Spider: Lair:2-3

Altars:
Cheibriados
Fedhas
Okawaru
Qazlal
Uskayaw
Wu Jian
The Shining One

Shops:
D:1 ?   D:2 :   D:4 :   D:5 *   D:8 [   D:11 ?[*

Portals:
Abyss: D:5

Annotations:
D:10 1 exclusion
D:12 Urug
Lair:1 1 runed translucent door, elongatedgoose's ghost, journeyman HOFi Gauntlet 6 transporters


Innate Abilities, Weirdness & Mutations

You are very small and have problems with some larger weapons.
You are too small for most types of armour.
You have supernaturally acute eyesight. (SInv)
You cover ground extremely quickly. (Speed+++)


Message History

Unknown command.
Casting: Tukima's Dance (safe; 1% risk of failure)
Confirm with . or Enter, or press ? or * to list all spells.
Aiming: Tukima's Dance (safe; 1% risk of failure)
Press: ? - help, Shift-Dir - straight line, f/p - minotaur
Aim: a minotaur, wielding a +2 battleaxe of electrocution, wearing the +1 plate armour "Kesin" {rN+ Slay+6} and quivering silver javelins (wandering, unable to see you, hasn't noticed you, chance to affect: 4%)
Okay, then.
Casting: Tukima's Dance (safe; 1% risk of failure)
Confirm with . or Enter, or press ? or * to list all spells.
Your hands begin to glow red.
The minotaur bellows!
You hit the minotaur but do no damage. The minotaur barely misses you.
The minotaur gores you!
You catch the helpless minotaur completely off-guard!
You hit the minotaur but do no damage.
The minotaur hits you with a +2 battleaxe of electrocution!!
The minotaur barely misses you.
You hit the minotaur but do no damage.
There is an open door here.
You flicker for a moment.
You float gracefully downwards.
The +8 rapier "Hipup" {flame, Fly rF+ Dex+3} stops flaming.
e - a +1 vorpal shortbow (weapon)
You are too injured to fight recklessly!
You flicker back into view.
Your hands stop glowing.
You are too injured to fight recklessly!
Fire: e) +1 shortbow (vorpal)
Press: ? - help, Q - select action, (/) - cycle Shift-Dir - straight line, f/p - minotaur
Aim: a minotaur, wielding a +2 battleaxe of electrocution, wearing the +1 plate armour "Kesin" {rN+ Slay+6} and quivering silver javelins (wandering, hasn't noticed you, 81% to hit)
You shoot an arrow. The minotaur bellows!
The arrow hits the minotaur but does no damage.
The minotaur throws a silver javelin.
The silver javelin pierces through you!
* * * LOW HITPOINT WARNING * * *
The minotaur throws a silver javelin.
The silver javelin pierces through you!!
Ouch! That really hurt!
You die...
Fedhas appreciates your contribution to the ecosystem.

............§# .#########..##
.#.......#..≈#
.#....#..#..######
##...###.#..≈##..########
©#t.#©#.©#..###.........#
##.###...#..≈##..###.##.##
.#..#...)#..###.........8#
.#.......#..#...@#.#.....#
.#########..#©...#.#.#########
..........∩.#....#...#8.8[8)8#
............#....###.'......∩#
##########..#©...#...#8.8[8[8#
....#.##.#..#....#.#.#########
##.##....#..###.H#.#.....#
#.....##:#..§##.........8#
..#.#.##.#..###..###.##.##


You could see a minotaur.

Vanquished Creatures
  Gastronok (D:8)
  A boulder beetle (D:12)
  2 two-headed ogres
  Sonja (D:11)
  Pikel (D:8)
  The ghost of NinjaNoafa the Basher, a novice MiFi of Gozag (D:7)
  The ghost of 0gre the Chiller, a novice GnIE of Gozag (D:5)
  A worldbinder (Gauntlet)
  2 cyclopes
  2 manticores (D:11)
  Maurice (D:8)
  Joseph (D:8)
  3 cane toads
  A gargoyle (D:10)
  A kobold demonologist (D:12)
  A komodo dragon (Lair:2)
  An ancient zyme (D:5)
  2 hornets (Gauntlet)
  3 trolls
  2 polar bears
  5 blink frogs (Lair:1)
  Grinder (D:5)
  2 shadows
  A vampire (D:11)
  Eustachio (D:5)
  2 basilisks
  2 wyverns
  2 wraiths
  2 vampire mosquitoes (D:10)
  A steam dragon (D:8)
  An acid dragon (D:11)
  Edmund (D:5)
  11 water moccasins
  2 orc warriors (D:7)
  A hornet zombie (D:5)
  2 black bears
  2 ice beasts
  3 boggarts (Gauntlet)
  3 ogres
  3 wolves (Lair:1)
  7 centaurs
  4 kobold brigands
  4 lemures
  4 phantoms
  2 small abominations (D:5)
  10 bullfrogs
  A gnoll sergeant (D:9)
  3 water moccasin zombies (D:5)
  8 wights
  A water moccasin skeleton (D:5)
  3 killer bees (D:8)
  3 howler monkeys
  3 hounds
  3 jellies
  An orc priest (D:7)
  A bullfrog skeleton (D:5)
  A centaur skeleton (D:5)
  Crazy Yiuf (D:5)
  5 iguanas
  A hell rat (Sewer)
  3 orc wizards
  A hound zombie (D:5)
  A hound skeleton (D:5)
  A howler monkey zombie (D:5)
  2 river rats (Sewer)
  3 adders
  12 gnolls
  2 shadow imps
  2 white imps (D:5)
  An ufetubus (D:7)
  An adder skeleton (D:5)
  An adder zombie (D:5)
  A worm (D:3)
  5 dart slugs
  23 orcs
  5 bats
  10 endoplasms
  8 giant cockroaches
  8 goblins
  7 hobgoblins
  2 jackals (D:4)
  5 quokkas
  5 ball pythons
  3 frilled lizards
  22 kobolds
  11 rats
288 creatures vanquished.

Vanquished Creatures (collateral kills)
  2 gnolls (D:9)
2 creatures vanquished.

Vanquished Creatures (others)
  47 fungi
  57 plants
  5 withered plants (D:5)
109 creatures vanquished.

Grand Total: 399 creatures vanquished

Notes
Turn   | Place    | Note
-------+----------+-------------------------------------------
     0 | D:1      | warriortoast the Spriggan Enchanter began the quest for the
                  | Orb.
     0 | D:1      | Reached XP level 1. HP: 9/9 MP: 5/5
   333 | D:1      | Reached XP level 2. HP: 13/13 MP: 6/6
   351 | D:1      | Learned a level 2 spell: Ensorcelled Hibernation
  1708 | D:1      | Reached XP level 3. HP: 16/16 MP: 5/8
  1761 | D:1      | Found Asuafieph's Magic Scroll Boutique.
  1793 | D:1      | Bought a scroll of identify for 20 gold pieces
  1793 | D:1      | Bought a scroll of noise for 10 gold pieces
  1965 | D:1      | Reached skill level 5 in Stealth
  2412 | D:2      | Found Osiatit's Book Shoppe.
  2793 | D:2      | Learned a level 3 spell: Confusing Touch
  2797 | D:2      | Learned a level 3 spell: Tukima's Dance
  2869 | D:2      | Found a stormy altar of Qazlal.
  2873 | D:2      | Reached XP level 4. HP: 21/21 MP: 10/10
  3198 | D:3      | Identified the +8 rapier "Hipup" {flame, Fly rF+ Dex+3}
  4089 | D:4      | Noticed an ogre
  4107 | D:4      | Killed an ogre
  4108 | D:4      | Reached XP level 5. HP: 24/24 MP: 4/11
  4160 | D:4      | Found Daosifag's Vocational Training.
  4252 | D:4      | Found an ornate altar of the Wu Jian Council.
  4276 | D:4      | Reached skill level 6 in Stealth
  4324 | D:4      | Reached XP level 6. HP: 28/28 MP: 13/13
  4384 | D:4      | Found a glowing drain.
  4398 | Sewer    | Entered a sewer
  4417 | Sewer    | Reached skill level 5 in Hexes
  4864 | D:5      | Entered Level 5 of the Dungeon
  4875 | D:5      | Noticed an ice beast
  4891 | D:5      | Killed an ice beast
  4892 | D:5      | Reached skill level 5 in Dodging
  4981 | D:5      | Noticed a water moccasin
  5019 | D:5      | Reached XP level 7. HP: 32/32 MP: 11/15
  5038 | D:5      | Reached skill level 7 in Stealth
  5325 | D:5      | Reached skill level 5 in Spellcasting
  6101 | D:5      | Found a runed translucent door.
  6102 | D:5      | Noticed Crazy Yiuf
  6125 | D:5      | Reached XP level 8. HP: 36/36 MP: 17/17
  6132 | D:5      | Noticed Edmund
  6141 | D:5      | Killed Edmund
  6142 | D:5      | Reached skill level 8 in Stealth
  6184 | D:5      | Noticed Eustachio
  6190 | D:5      | Killed Eustachio
  6212 | D:5      | Found a one-way gate to the infinite horrors of the Abyss.
  6212 | D:5      | Noticed 0gre's ghost (novice GnIE)
  6366 | D:5      | Reached skill level 5 in Short Blades
  6426 | D:5      | Found Rifiph's General Store.
  6455 | D:5      | Bought a potion of degeneration for 13 gold pieces
  6455 | D:5      | Bought a scroll of teleportation for 39 gold pieces
  6575 | D:1      | Bought a scroll of vulnerability for 40 gold pieces
  6575 | D:1      | Bought a scroll of identify for 20 gold pieces
  6575 | D:1      | Bought 3 scrolls of teleportation for 90 gold pieces
  6739 | D:5      | Reached skill level 9 in Stealth
  6812 | D:5      | Found a transporter.
  6812 | D:5      | Found a transporter.
  6812 | D:5      | Noticed Grinder
  6821 | D:5      | Killed Grinder
  6992 | D:5      | Killed Crazy Yiuf
  7232 | D:6      | Reached XP level 9. HP: 30/39 MP: 13/20
  7688 | D:6      | Reached skill level 10 in Stealth
  8047 | D:7      | Found a blossoming altar of Fedhas.
  8062 | D:7      | Became a worshipper of Fedhas Madash
  8115 | D:7      | Reached skill level 11 in Stealth
  8313 | D:7      | Reached skill level 1 in Fighting
  8313 | D:7      | Reached skill level 1 in Invocations
  8313 | D:7      | Found a staircase to the Ecumenical Temple.
  8405 | D:7      | Found a runed translucent gate.
  8405 | D:7      | Identified the +0 chain mail of Too Many Cooks {MP+9 Str+4
                  | Dex+4}
  8406 | D:7      | Found a runed translucent gate.
  8408 | D:7      | Found a runed translucent gate.
  8410 | D:7      | Noticed NinjaNoafa's ghost (novice MiFi)
  9322 | D:7      | Killed NinjaNoafa's ghost
  9402 | D:8      | Noticed Maurice
  9407 | D:8      | Killed Maurice
  9408 | D:8      | Reached skill level 12 in Stealth
  9408 | D:8      | Reached XP level 10. HP: 47/47 MP: 23/23
  9446 | D:8      | Reached * piety under Fedhas
  9506 | D:8      | Noticed Joseph
  9510 | D:8      | Noticed a two-headed ogre
  9512 | D:8      | Killed Joseph
  9518 | D:8      | Killed a two-headed ogre
 10232 | D:8      | Found a staircase to the Lair.
 10234 | D:8      | Noticed Pikel
 10332 | D:8      | Noticed a cyclops
 10612 | D:8      | Killed a cyclops
 10613 | D:8      | Reached skill level 13 in Stealth
 10617 | D:8      | Killed Pikel
 10739 | D:8      | Noticed Gastronok
 10751 | D:8      | Killed Gastronok
 10752 | D:8      | Reached skill level 5 in Invocations
 10752 | D:8      | Reached XP level 11. HP: 54/54 MP: 21/24
 10809 | D:8      | Found Lijeocsaxt's Armour Shoppe.
 11029 | D:9      | Found a staircase to the Orcish Mines.
 11442 | D:9      | Reached ** piety under Fedhas
 11676 | D:9      | You are sucked into a shaft and drop 1 floor!
 11676 | D:10     | Entered Level 10 of the Dungeon
 11725 | D:10     | Found a stormy altar of Qazlal.
 11964 | D:10     | Reached skill level 14 in Stealth
 12111 | D:10     | Found a hide-covered altar of Uskayaw.
 12113 | D:10     | Found an iron altar of Okawaru.
 12120 | D:10     | Found a glowing golden altar of the Shining One.
 12339 | D:10     | Noticed a boulder beetle
 12340 | D:10     | Noticed a deep troll
 12340 | D:10     | Noticed a two-headed ogre
 12530 | D:11     | Reached skill level 5 in Fighting
 12625 | D:11     | Found Ufysygod's General Store.
 12633 | D:11     | Bought a scroll of identify for 30 gold pieces
 12633 | D:11     | Bought 2 potions of berserk rage for 150 gold pieces
 12939 | D:11     | HP: 2/55 [manticore/volley of spikes (18)]
 13828 | D:11     | Found Muopui's Magic Scroll Emporium.
 13837 | D:11     | Bought a scroll of identify for 34 gold pieces
 13837 | D:11     | Bought a scroll of identify for 34 gold pieces
 13837 | D:11     | Bought a scroll of identify for 34 gold pieces
 13908 | D:11     | Found Gekokilu's Antique Armour Shoppe.
 14007 | D:11     | Identified the +1 robe "Bahelast" {rN+}
 14222 | D:11     | Noticed Sonja
 14228 | D:11     | Killed Sonja
 14642 | D:12     | Noticed a two-headed ogre
 14649 | D:12     | Killed a two-headed ogre
 14661 | D:12     | Reached skill level 15 in Stealth
 14924 | D:12     | Found a gateway to a bazaar.
 14929 | Bazaar   | Entered a bazaar
 14929 | Bazaar   | Found Firicweh's Assorted Antiques.
 14929 | Bazaar   | Found Pesyrud's Book Emporium.
 14929 | Bazaar   | Found Ysiuc's Magic Scroll Emporium.
 14930 | Bazaar   | Found Huat Meng's Weapon Shoppe.
 14930 | Bazaar   | Found Qatirch's Jewellery Shoppe.
 14962 | Bazaar   | Bought a scroll of identify for 22 gold pieces
 14962 | Bazaar   | Bought a scroll of identify for 22 gold pieces
 15012 | D:12     | Noticed Urug
 15018 | D:12     | Reached *** piety under Fedhas
 15022 | D:12     | Noticed a white ugly thing
 15115 | D:12     | Noticed a boulder beetle
 15134 | D:12     | Killed a boulder beetle
 15571 | D:9      | Found a snail-covered altar of Cheibriados.
 15982 | Lair:1   | Entered Level 1 of the Lair of Beasts
 16299 | Lair:1   | Identified the +9 hand axe of Slow Death {holy, rF- Int+10}
 16315 | Lair:1   | Reached XP level 12. HP: 61/61 MP: 25/25
 16478 | Lair:1   | Found a runed translucent door.
 16480 | Lair:1   | Identified the +8 trident of Fragile Peace {vorpal, rF-
                  | rN+++ Int+4 Dex+2}
 16481 | Lair:1   | Noticed elongatedgoose's ghost (journeyman HOFi)
 16491 | Lair:1   | Reached skill level 10 in Short Blades
 16815 | D:5      | Killed 0gre's ghost
 16816 | D:5      | Reached skill level 1 in Ranged Weapons
 17538 | Lair:2   | Reached **** piety under Fedhas
 17690 | Lair:2   | Found a gate leading to a gauntlet.
 17704 | Gauntlet | Entered a Gauntlet
 17704 | Gauntlet | Found a transporter.
 17704 | Gauntlet | Found a transporter.
 17705 | Gauntlet | Found a transporter.
 17706 | Gauntlet | Found a transporter.
 17707 | Gauntlet | Found a transporter.
 17709 | Gauntlet | Found a transporter.
 17716 | Gauntlet | Found a transporter.
 17717 | Gauntlet | Found a transporter.
 17718 | Gauntlet | Found a transporter.
 17720 | Gauntlet | Found a transporter.
 17722 | Gauntlet | Noticed a ghost crab
 17728 | Gauntlet | Found a transporter.
 17729 | Gauntlet | Found a transporter.
 18191 | Gauntlet | Learned a level 3 spell: Dazzling Flash
 18195 | Gauntlet | Paralysed by a hornet for 3 turns
 18197 | Gauntlet | HP: 2/62 [hornet (14)]
 18573 | Gauntlet | Identified the ring "Osoplych" {rElec rPois rF+ Int-3
                  | Slay+4}
 18584 | Gauntlet | Identified the +1 plate armour "Kesin" {rN+ Slay+6}
 18584 | Gauntlet | Noticed a minotaur
 18654 | Gauntlet | Hit by a silver javelin thrown by a minotaur

Illustrated notes

Levels and vault maps discovered:
D:1:      dpeg_arrival_lava_temple_mockup, layout_basic, serial_shops,
          nicolae_shop_statue_plus
D:2:      layout_rooms, serial_shops, nicolae_shop_crystal, minmay_hexomino_r4
D:3:      layout_basic, serial_co_window_serial, co_window_paths_b,
          co_window_corner_a, co_window_corner_a, co_window_corner_a,
          co_window_paths_b, co_window_of_opportunity_c, co_window_2corner,
          co_window_paths_c, co_window_paths_c, co_window_corner_ca,
          co_window_sun, glass_columns_a, glass_columns_a,
          minmay_misc_feat_columns
D:4:      layout_cave_pools, nzn_wu_jian_contemplation, gup_sewer_entry_pipe,
          nicolae_shop_vocational
D:5:      layout_rooms, serial_shops, nicolae_shop_hallway_plus,
          gammafunk_ghost_abyssal_escape, serial_undead, serial_undead_d,
          serial_undead_e, serial_undead_a, serial_undead_f,
          dreamdust_wishing_well, uniq_eustachio, uniq_crazy_yiuf_cottage,
          uniq_grinder, uniq_edmund
D:6:      layout_basic
D:7:      layout_rooms, mainiacjoe_overflow_concentric_impassable,
          minmay_temple_entry_overgrown, biasface_ghost_orc_armoury
D:8:      layout_basic, due_lair_maze_entry_diamond, serial_glass,
          glass_columns_a, glass_columns_c, glass_columns_a, glass_columns_a,
          glass_columns_c, glass_columns_c, serial_shops,
          nicolae_shop_temple_entry_statues_fountains, hangedman_decor_opposing,
          uniq_joseph, uniq_pikel, uniq_maurice, uniq_gastronok
D:9:      layout_rooms, kennysheep_slug_shrine, david_orc_3
D:10:     nzn_winding_woodlands_small [nzn_winding_woodlands_5x15_parted,
          nzn_winding_woodlands_center_pierced_h,
          nzn_winding_woodlands_5x15_jagged], layout_basic,
          nicolae_overflow_quartered_altars
D:11:     layout_stronghold, serial_shops, shop, nicolae_shop_hallway_stairs,
          shop, amcnicky_mini_pool_small, uniq_sonja
D:12:     layout_long_grid, serial_shops, bzr_entry_water, kennysheep_mini,
          shop, nzn_ghost_randoct, uniq_lodul, uniq_urug
Lair:1:   layout_loops_ring, ebering_ghost_funeral_grove
Lair:2:   layout_hall_layers, palyth_hydra_swamp_entry, gauntlet_entry_generic,
          chequers_serial_rivers_micro_a
Gauntlet: minmay_gauntlet_mixed_big_or_small [gammafunk_gauntlet_arena_split_x,
          minmay_gauntlet_arena_77_braids, nicolae_gauntlet_swirl,
          minmay_gauntlet_arena_77_mirror, gammafunk_gauntlet_arena_crates,
          minmay_gauntlet_arena_77_double_cross,
          nicolae_gauntlet_exit_dead_adventurers]

Skill      XL: |  1  2  3  4  5  6  7  8  9 10 11 12 |
---------------+-------------------------------------+-----
Dodging        | 3 4 5 6 7 8 |  8.0
Spellcasting   | 3 4 5 7 8 |  8.0
Hexes          | 4 5 6 7 8 |  8.0
Stealth        | 5 6 7 9 12 13 15 | 15.0
Short Blades   | 2 3 4 5 6 7 9 10 | 10.5
Fighting       | 2 4 6 |  6.9
Invocations    | 3 5 7 8 |  8.4
Ranged Weapons | 2 |  2.6
Evocations     | |  0.5

Action                   |  1- 3 |  4- 6 |  7- 9 | 10-12 || total
-------------------------+-------+-------+-------+-------++-------
Melee: Dagger            |   105 |    10 |    51 |     6 ||   172
       Punch             |     2 |     1 |     5 |     3 ||    11
       Rapier            |       |    74 |   183 |   357 ||   614
 Fire: Shortbow          |       |       |     5 |    12 ||    17
 Cast: Ensorcelled Hiber |    29 |     4 |    24 |    52 ||   109
       Confusing Touch   |       |     5 |    39 |    77 ||   121
       Tukima's Dance    |       |       |       |     5 ||     5
       Dazzling Flash    |       |       |       |     3 ||     3
  Use: Scroll            |       |     4 |     6 |     9 ||    19
       Potion            |       |       |       |     6 ||     6
 Stab: Sleeping          |    26 |    14 |    31 |    46 ||   117
       Confused          |       |     2 |    22 |    51 ||    75
       Distracted        |       |       |     1 |       ||     1
       Invisible         |       |       |       |     2 ||     2
Armor: Robe              |     5 |     2 |     9 |    21 ||    37
Dodge: Dodged            |    71 |    45 |   140 |   361 ||   617
Block: Other             |     1 |    14 |    32 |    82 ||   129
       Reflection        |       |     2 |     2 |     5 ||     9
